Map: Korhal Carnage Knockout LE

Players

Scarlett - Winner!

  • Race: Zerg Zerg
  • League: Grandmaster

Neeb

  • Race: Protoss Protoss
  • League: Grandmaster

Event: Team Gravity's Fight Night #40

VOD

Have the link to the VOD?

Description

Time

  • Played on: April 10, 2016, 9:10 p.m.
  • Length: 30:41

All games in this series

Show
View Real Time Build Order
Export as new Build Order

Scarlett Zerg - Winner!

Build Orders: Pool First, Lurkers 

Get SALT Encoding   

  12  0:01  Drone  
  13  0:10  Extractor  
  12  0:24  Spawning Pool  
  11  0:28  Drone  
  11  0:34  Drone  
  13  0:40  Drone  
  14  0:51  Overlord  
  14  1:11  Metabolic Boost  
  14  1:12  Zergling x4  
  14  1:13  Zergling x2  
  17  1:25  Zergling x2  
  18  1:34  Queen  
  18  1:36  Zergling x2  
  21  1:50  Zergling x2  
  22  2:05  Zergling x2  
  20  2:20  Zergling x2  
  20  2:21  Zergling x2  
  20  2:36  Hatchery  
  17  2:46  Zergling x2  
  17  2:47  Zergling x6  
  21  2:54  Overlord  
  21  3:09  Baneling Nest  
  21  3:12  Drone  
  21  3:14  Drone  
  22  3:24  Drone x4  
  25  3:39  Zergling x2  
  26  3:49  Zergling x4  
  26  3:53  Baneling x5  
  28  3:57  Zergling x2  
  28  4:00  Zergling x2  
  30  4:03  Baneling  
  30  4:05  Zergling x2  
  30  4:06  Zergling x2  
  30  4:08  Zergling x2  
  33  4:23  Zergling x8  
  34  4:36  Drone  
  34  4:37  Drone x3  
  31  4:49  Queen  
  31  4:55  Spore Crawler  
  30  5:05  Overlord, Drone  
  30  5:06  Drone  
  32  5:15  Overlord  
  32  5:18  Drone  
  31  5:40  Queen  
  31  5:42  Drone x2  
  35  5:48  Drone x4  
  39  6:03  Zergling x10  
  44  6:11  Zergling x4  
  39  6:40  Zergling x8  
  40  6:49  Zergling x4  
  42  6:56  Zergling x4  
  41  7:09  Zergling x4  
  41  7:13  Queen  
  44  7:23  Drone x2  
  44  7:24  Queen  
  48  7:37  Spore Crawler  
  47  7:46  Overlord, Drone x2  
  47  7:47  Drone x2  
  51  7:53  Overlord  
  51  7:58  Spore Crawler  
  50  8:06  Drone x4  
  50  8:07  Drone  
  50  8:11  Queen  
  57  8:15  Drone x2  
  59  8:22  Lair  
  59  8:23  Drone x2  
  61  8:29  Overlord  
  61  8:34  Drone x3  
  61  8:35  Drone  
  61  8:37  Extractor  
  64  8:42  Zergling x2  
  64  8:43  Zergling x4  
  64  8:45  Overlord  
  64  8:48  Overlord  
  67  9:04  Drone  
  67  9:05  Drone x3  
  71  9:17  Extractor  
  71  9:18  Extractor  
  70  9:24  Drone x3  
  70  9:25  Hydralisk Den  
  70  9:28  Drone  
  72  9:32  Drone x3  
  72  9:34  Spore Crawler  
  74  9:39  Overlord, Centrifical Hooks  
  74  9:40  Overlord  
  74  9:45  Hatchery  
  73  9:51  Overlord  
  73  9:54  Overlord  
  73  9:59  Hydralisk  
  73  10:00  Hydralisk x5  
  73  10:02  Overseer  
  85  10:08  Hydralisk x2  
  91  10:16  Muscular Augments  
  91  10:18  Hydralisk  
  91  10:19  Hydralisk  
  93  10:22  Overlord  
  93  10:31  Hydralisk  
  95  10:40  Hydralisk x4  
  103  10:55  Hydralisk x4  
  111  11:06  Drone x6  
  116  11:11  Spore Crawler  
  115  11:25  Drone x5  
  120  11:39  Spore Crawler, Hydralisk x4  
  120  11:45  Spore Crawler  
  125  11:49  Overlord x2  
  125  11:58  Overseer  
  125  12:03  Drone x5  
  125  12:05  Overlord x3  
  129  12:20  Lurker Den  
  129  12:21  Infestation Pit  
  128  12:32  Extractor  
  128  12:33  Extractor, Hydralisk x9  
  144  12:38  Evolution Chamber  
  139  12:54  Overlord x5  
  139  13:04  Zerg Missile Weapons Level 1, Drone x2  
  141  13:21  Hive  
  141  13:27  Drone  
  141  13:28  Drone  
  141  13:29  Spire  
  141  13:30  Zergling x20  
  152  13:47  Overseer, Lurker x5  
  157  14:02  Lurker x5  
  158  14:04  Zergling x2  
  158  14:05  Zergling x22  
  170  14:42  Viper x2  
  176  14:45  Greater Spire  
  176  14:48  Zergling x24  
  188  15:03  Zerg Melee Weapons Level 1  
  188  15:07  Evolution Chamber  
  185  15:20  Corruptor x6  
  186  15:49  Spine Crawler x2  
  184  15:51  Spine Crawler  
  184  15:55  Spine Crawler  
  175  16:05  Brood Lord x3  
  181  16:11  Brood Lord  
  181  16:12  Zergling x24  
  194  16:26  Brood Lord  
  196  16:36  Brood Lord  
  198  16:46  Zerg Missile Weapons Level 2  
  184  17:03  Queen  
  184  17:21  Corruptor x4  
  190  17:56  Brood Lord x3  
  190  18:08  Brood Lord  
  182  18:29  Hatchery  
  166  18:37  Hatchery  
  166  18:39  Queen x3  
  171  18:43  Corruptor x5  
  181  18:48  Baneling x3  
  181  18:50  Zergling x8  
  174  19:24  Viper x2  
  173  19:41  Corruptor  
  173  19:42  Corruptor  
  173  19:44  Zergling x2  
  173  19:45  Zergling x14  
  164  19:51  Queen x3  
  165  19:59  Zergling x10  
  168  20:19  Adrenal Glands, Zerg Melee Weapons Level 2  
  163  20:21  Zerg Flyer Weapons Level 1  
  163  20:23  Zergling x2  
  163  20:24  Zergling x20  
  165  20:35  Zergling x10  
  155  20:36  Zergling x2  
  150  20:52  Corruptor x2  
  150  20:53  Corruptor x2  
  148  21:09  Viper  
  148  21:13  Zergling x16  
  149  21:33  Baneling x3  
  149  21:34  Zergling x20  
  156  21:46  Corruptor  
  156  21:47  Corruptor  
  137  22:01  Corruptor x3  
  115  22:17  Zergling x18  
  108  22:30  Drone x3  
  108  22:31  Extractor  
  102  22:37  Zergling x2  
  102  22:38  Zergling x12  
  100  22:45  Baneling x6  
  100  22:48  Extractor  
  100  22:49  Extractor  
  95  23:10  Zergling x22  
  99  23:37  Viper  
  94  23:57  Hatchery  
  88  24:29  Zergling x8  
  86  25:19  Hatchery  
  85  25:46  Zergling x2  
  85  25:47  Zergling x16  
  88  26:08  Overseer  
  88  26:09  Pneumatized Carapace  
  88  26:29  Extractor, Drone x3  
  88  26:30  Extractor, Drone x3  
  92  26:33  Drone x3  
  95  26:50  Zerg Melee Weapons Level 3  
  95  26:55  Corruptor x3  
  95  27:00  Corruptor  
  102  27:10  Corruptor x2  
  102  27:14  Corruptor  
  107  27:27  Corruptor x2  
  111  27:33  Extractor  
  110  27:44  Drone x11  
  110  27:45  Drone x2  
  110  27:50  Baneling x2  
  110  27:51  Baneling x3  
  122  27:56  Extractor  
  121  28:01  Hatchery  
  120  28:05  Hydralisk  
  120  28:06  Hydralisk  
  120  28:10  Hydralisk  
  121  28:30  Zergling x16  
  121  28:31  Zergling x12  
  129  28:45  Zergling x12  
  129  29:04  Corruptor x2  
  133  29:20  Zergling x2, Drone  
  133  29:21  Zergling x2  
  133  29:23  Corruptor x2  
  137  29:43  Corruptor x2  
  137  29:45  Zergling x14  
  135  29:46  Zergling x18  
  133  29:57  Zergling x12  
  137  30:11  Zergling x12  
Show
View Real Time Build Order
Export as new Build Order

Neeb Protoss 

Build Orders:  

Get SALT Encoding   

  12  0:01  Probe (Chrono Boost)  
  13  0:11  Probe (Chrono Boost)  
  14  0:18  Pylon  
  14  0:22  Probe (Chrono Boost)  
  15  0:36  Probe (Chrono Boost)  
  15  0:37  Gateway  
  16  0:47  Probe (Chrono Boost)  
  16  0:48  Assimilator  
  17  0:52  Assimilator  
  17  0:57  Probe (Chrono Boost)  
  18  1:08  Probe (Chrono Boost)  
  19  1:11  Gateway  
  19  1:18  Probe (Chrono Boost)  
  19  1:24  Cybernetics Core  
  20  1:29  Probe (Chrono Boost)  
  21  1:37  Pylon  
  21  1:39  Probe (Chrono Boost)  
  22  1:50  Probe (Chrono Boost)  
  20  2:15  Adept (Chrono Boost)  
  20  2:18  Adept (Chrono Boost)  
  20  2:19  Pylon  
  18  2:45  Probe  
  18  2:48  Warp Gate (Chrono Boost)  
  19  2:57  Probe  
  20  2:58  Pylon  
  22  3:07  Adept  
  22  3:09  Probe  
  25  3:22  Probe  
  24  3:31  Stargate  
  24  3:34  Probe (Chrono Boost)  
  25  3:45  Adept x2  
  25  3:46  Probe (Chrono Boost)  
  30  3:56  Probe (Chrono Boost)  
  31  4:06  Probe (Chrono Boost), Gateway  
  32  4:23  Mothership Core (Chrono Boost)  
  32  4:24  Oracle (Chrono Boost)  
  21  4:44  Probe (Chrono Boost)  
  20  4:54  Probe (Chrono Boost)  
  21  5:06  Probe (Chrono Boost)  
  22  5:17  Probe (Chrono Boost)  
  23  5:27  Probe (Chrono Boost)  
  24  5:37  Adept  
  24  5:40  Probe (Chrono Boost)  
  24  5:42  Adept  
  29  5:50  Probe (Chrono Boost)  
  30  6:01  Probe (Chrono Boost)  
  31  6:11  Probe (Chrono Boost)  
  32  6:22  Probe (Chrono Boost)  
  31  6:30  Oracle (Chrono Boost)  
  35  6:32  Probe (Chrono Boost)  
  35  6:43  Probe (Chrono Boost)  
  36  6:53  Probe (Chrono Boost)  
  37  6:59  Pylon  
  37  7:05  Probe  
  32  7:11  Oracle (Chrono Boost)  
  31  7:17  Probe  
  32  7:26  Twilight Council  
  32  7:29  Probe  
  33  7:41  Probe  
  33  7:42  Oracle (Chrono Boost)  
  37  7:55  Pylon  
  37  8:08  Dark Shrine  
  37  8:10  Probe  
  37  8:12  Adept  
  40  8:16  Adept  
  42  8:22  Probe  
  43  8:39  Probe  
  43  8:40  Pylon  
  44  8:58  Nexus, Pylon  
  45  9:09  Probe (Chrono Boost)  
  49  9:19  Dark Templar x2  
  49  9:22  Probe (Chrono Boost)  
  50  9:33  Probe (Chrono Boost)  
  55  9:43  Probe (Chrono Boost)  
  56  9:54  Probe (Chrono Boost)  
  57  10:04  Probe (Chrono Boost)  
  58  10:07  Archon  
  58  10:08  Pylon  
  58  10:10  Probe (Chrono Boost)  
  55  10:15  Probe (Chrono Boost)  
  55  10:16  Blink (Chrono Boost)  
  55  10:17  Gateway  
  55  10:19  Gateway  
  55  10:20  Probe  
  55  10:21  Gateway  
  56  10:26  Sentry x2  
  61  10:31  Probe  
  61  10:33  Probe  
  63  10:42  Probe  
  63  10:48  Probe  
  63  10:49  Robotics Facility  
  65  10:53  Sentry, Probe  
  65  10:54  Stalker  
  65  10:56  Assimilator  
  70  11:00  Probe, Assimilator  
  71  11:05  Probe  
  72  11:12  Probe  
  72  11:16  Probe  
  74  11:19  Stalker x2  
  78  11:27  Pylon  
  78  11:28  Pylon  
  78  11:30  Stalker x2  
  82  11:36  Stalker  
  82  11:38  Observer  
  85  11:47  Stalker x2  
  89  12:00  Immortal  
  93  12:08  Stalker x2  
  95  12:09  Stalker  
  99  12:19  Stalker x2  
  103  12:28  Pylon  
  103  12:40  Immortal  
  107  12:50  Stalker x2  
  107  12:51  Stalker x2  
  113  12:56  Stalker  
  115  13:18  Stalker  
  117  13:21  Pylon  
  117  13:23  Pylon  
  117  13:24  Robotics Bay  
  117  13:39  Immortal (Chrono Boost)  
  121  13:45  Pylon x2  
  121  14:06  Nexus  
  121  14:07  Pylon  
  121  14:13  Forge  
  121  14:15  Robotics Facility  
  121  14:23  Disruptor (Chrono Boost)  
  124  14:47  Protoss Ground Weapons Level 1 (Chrono Boost)  
  124  14:54  Disruptor (Chrono Boost)  
  127  15:00  Probe x2  
  127  15:01  Assimilator  
  127  15:05  Assimilator  
  132  15:07  Pylon  
  132  15:08  Disruptor (Chrono Boost)  
  132  15:12  Probe  
  133  15:20  Probe  
  133  15:22  Probe  
  133  15:24  Probe  
  133  15:25  Disruptor (Chrono Boost)  
  139  15:31  Probe  
  139  15:34  Probe  
  134  15:36  Probe  
  134  15:42  Disruptor (Chrono Boost)  
  138  15:43  Templar Archives  
  138  15:52  Stalker x2  
  138  15:53  Disruptor (Chrono Boost), Stalker  
  143  16:10  Fleet Beacon  
  143  16:12  Stargate  
  143  16:14  Disruptor  
  140  16:21  Disruptor  
  143  16:37  Stalker x4  
  143  16:38  Stalker  
  151  16:59  Tempest  
  151  17:00  Tempest  
  142  17:28  Adept x2  
  142  17:29  Adept x2  
  150  17:32  Pylon  
  150  17:41  Tempest  
  150  17:43  Assimilator  
  143  17:54  Tempest  
  143  18:01  Adept x4, Probe  
  143  18:02  Zealot  
  143  18:03  Probe  
  143  18:05  Probe  
  154  18:09  Pylon  
  154  18:18  Probe  
  154  18:19  Probe  
  156  18:22  Zealot x5  
  160  18:28  Probe  
  156  18:35  Tempest  
  156  18:43  Assimilator  
  150  19:11  Tempest  
  152  19:21  Tempest, Probe  
  152  19:23  Probe  
  153  19:25  Pylon  
  153  19:28  Stalker x2  
  157  19:43  Zealot x3  
  138  19:54  Zealot x2  
  138  19:55  Probe  
  134  20:20  Zealot x5  
  144  20:27  Protoss Ground Weapons Level 2 (Chrono Boost)  
  142  20:33  Disruptor  
  130  20:36  Disruptor  
  133  20:49  Zealot x5  
  141  20:53  Pylon, Tempest  
  135  21:10  Tempest  
  135  21:11  Probe  
  139  21:13  Probe, Zealot x5  
  151  21:22  Pylon  
  151  21:34  Zealot x5  
  161  21:40  Pylon  
  161  21:42  Pylon  
  155  21:57  Stalker x5  
  153  22:01  Tempest  
  95  22:26  Dark Templar x2  
  71  23:11  Archon  
  45  24:16  Nexus  
  43  24:38  Nexus  
  43  24:48  Sentry  
  45  24:55  Sentry  
  47  25:19  Dark Templar  
  47  26:11  Assimilator  
  47  26:13  Assimilator  
  47  26:15  Zealot  
  49  26:27  Probe  
  49  26:28  Probe x2  
  52  26:34  Zealot x2  
  52  26:35  Zealot x2  
  60  26:58  Adept  
  60  26:59  Adept x2  
  66  27:24  Stalker x2  
  66  27:25  Stalker x2  
  74  27:47  Probe  
  75  27:56  Nexus  
  78  28:14  Adept  
  78  28:15  Probe  
  78  28:16  Probe  
  72  28:25  Probe  
  73  28:28  Probe  
  71  28:39  Oracle  
  73  28:44  Probe  
  73  28:46  Probe  
  73  28:56  Probe  
  73  28:58  Probe  
  75  29:07  Probe  
  76  29:13  Probe  
  76  29:14  Probe  
  76  29:15  Oracle  
  81  29:20  Pylon  
  81  29:23  Pylon  
  81  29:28  Stalker  
  79  29:43  Stalker x3  
  70  29:51  Stalker  
  55  29:54  Probe  
  55  29:55  Probe  
  55  29:58  Probe  
  55  30:07  Adept x2  
  55  30:08  Adept  
  55  30:12  Probe  

Tags
 
Add a new tag
Caveats
  • Supply blocks, unpowered buildings, or Contaminate may cause inaccurate times.
  • Supply counts are checked every 10 seconds.